 Dungeon Crawl Stone Soup version 0.30-a0-360-g447f08457e (webtiles) character file.

Game seed: 4402622525020419772

14100 iguanaiguana the Markself (level 11, -4/57 HPs)
             Began as a Deep Elf Hexslinger on Nov 13, 2022.
             Was a Priest of Hepliaklqana.
             Slain by a cane toad (61 damage)
             ... on level 3 of the Lair of Beasts on Nov 14, 2022.
             The game lasted 01:07:47 (12311 turns).

iguanaiguana the Markself (Deep Elf Hexslinger)    Turns: 12311, Time: 01:07:47

Health: -4/57      AC:  5    Str:  7    XL:     11   Next: 84%
Magic:  12/15      EV:  2    Int: 21    God:    Hepliaklqana [***...]
Gold:   705        SH:  0    Dex: 17    Spells: 2/13 levels left

rFire   + . .      SeeInvis .    b - +0 hand crossbow (drain)
rCold   . . .      Faith    .    w - orb {guile}
rNeg    . . .      Spirit   .    c - +0 robe
rPois   .          Reflect  .    f - +0 helmet
rElec   .          Harm     .    k - +1 cloak
rCorr   .          Rampage  .    (no gloves)
Will    .....                    (no boots)
Stlth   +++.......               B - amulet of regeneration
HPRegen 1.09/turn                z - ring of protection from fire
MPRegen 0.14/turn                (no ring)

@: sleeping
A: reduced essence
a: Renounce Religion, Recall Ancestor, Ancestor Identity, Transference


You were on level 3 of the Lair of Beasts.
You worshipped Hepliaklqana.
Hepliaklqana was most pleased with you.
You visited 3 branches of the dungeon, and saw 13 of its levels.

You collected 880 gold pieces.
You spent 175 gold pieces at shops.

Inventory:

Hand Weapons
 a - a -1 quick blade of flaming
 b - a +0 hand crossbow of draining (weapon)
 d - a +0 whip
Missiles
 o - 9 atropa-tipped darts
 p - 21 poisoned darts
 C - 5 boomerangs
Armour
 c - a +0 robe (worn)
 f - a +0 helmet (worn)
 k - a +1 cloak (worn)
 w - an orb of guile (worn)
 L - an orb of energy
Jewellery
 q - an amulet of guardian spirit
 z - a ring of protection from fire (left hand)
 B - an amulet of regeneration (around neck)
 I - a ring of fire
Wands
 e - a wand of flame (21)
 J - a wand of roots (17)
Scrolls
 g - 2 scrolls of enchant armour
 i - 2 scrolls of blinking {@r4}
 t - 3 scrolls of butterflies
 y - a scroll of vulnerability
 A - 2 scrolls of poison
 D - 4 scrolls of teleportation {@r3}
 E - a scroll of brand weapon
 G - a scroll of amnesia
 H - a scroll of noise {unknown}
 K - a scroll of identify {@r1}
Potions
 h - 3 potions of curing {@q1}
 j - 2 potions of magic
 l - 4 potions of haste {@q4}
 m - 4 potions of heal wounds {@q2}
 n - a potion of degeneration
 r - a potion of flight
 s - 2 potions of might {@q3}
 u - 2 potions of attraction
 v - 2 potions of ambrosia
 x - a potion of mutation
 F - a potion of lignification {unknown}
 M - 2 potions of invisibility {unknown}


   Skills:
 - Level 6.0 Fighting
 - Level 5.4 Short Blades
 - Level 18.0 Ranged Weapons
 + Level 8.2 Dodging
 - Level 3.7 Stealth
 - Level 1.5 Spellcasting
 - Level 8.0 Hexes
 - Level 4.0 Fire Magic


You had 2 spell levels left.
You knew the following spells:

 Your Spells              Type           Power      Damage    Failure   Level
a - Slow                  Hex            100%       N/A       1%          1
b - Inner Flame           Hex/Fire       26%        N/A       4%          3
c - Cause Fear            Hex            17%        N/A       6%          4
d - Portal Projectile     Hex/Tloc       36%        N/A       9%          3

Your spell library contained the following spells:

 Spells                   Type           Power      Damage    Failure   Level
 Foxfire                  Conj/Fire      36%        2x1d5     7%          1
 Apportation              Tloc           2%         N/A       16%         1
 Necrotise                Necr           4%         1d4       16%         1
 Shock                    Conj/Air       4%         1d3       16%         1
 Summon Small Mammal      Summ           4%         N/A       16%         1
 Cigotuvi's Dreadful Rot  Necr/Pois/Air  2%         N/A       24%         2
 Poisonous Vapours        Pois/Air       2%         N/A       24%         2
 Summon Guardian Golem    Hex/Summ       18%        N/A       9%          3
 Kindle Blastsparks       Fire/Tloc/Air  14%        2d11      26%         3
 Mephitic Cloud           Conj/Pois/Air  1%         N/A       43%         3
 Swiftness                Air            1%         N/A       43%         3
 Vampiric Draining        Necr           1%         2d6       43%         3
 Flame Wave               Conj/Fire      9%         2d6       56%         4
 Summon Mana Viper        Hex/Summ       18%        N/A       63%         5
 Airstrike                Air            0%         2d(1-17)  83%         4
 Agony                    Necr           1%         N/A       99%         5
 Iskenderun's Battlesphe  Conj           1%         2d6       99%         5
 Enfeeble                 Hex            17%        N/A       99%         7
 Iron Shot                Conj/Erth      0%         9d1       100%        6
 Malign Gateway           Summ/Tloc      0%         N/A       100%        7
 Orb of Destruction       Conj           0%         9d5       100%        7
 Spellforged Servitor     Conj/Summ      0%         N/A       100%        7
 Summon Hydra             Summ           0%         N/A       100%        7
 Summon Horrible Things   Summ           0%         N/A       100%        8
 Fire Storm               Conj/Fire      4%         8d1       100%        9


Dungeon Overview and Level Annotations

Branches:
Dungeon (9/15) Zot: 26060  Temple (1/1) D:6 Zot: 5885    Lair (3/5) D:9 Zot: 15363
 Spider (0/4) Lair:2
  Swamp: Lair:2-3    Shoals: Lair:2-3       Orc: D:9-12

Altars:
Ashenzari
Cheibriados
Dithmenos
Elyvilon
Fedhas
Gozag
Hepliaklqana
Kikubaaqudgha
Makhleb
Nemelex Xobeh
Okawaru
Qazlal
Ru
Sif Muna
Trog
Uskayaw
Vehumet
Wu Jian
Xom
Yredelemnul
Zin
The Shining One

Shops:
D:1 (   D:4 *   D:5 *

Annotations:
D:6 Dowan
D:8 1 runed translucent door, Lobster4's ghost, novice HuHu
D:9 Gastronok
Lair:1 exclusions: catoblepas, downstairs and oklob plant


Message History

Unknown command.
You swap places.
You swap places.
You enter the shallow water.
Moving in this stuff is going to be slow.
Done exploring.
Done exploring.
Done exploring.
Done exploring.
Done exploring.
(D) Dungeon (T) Temple (L) Lair (N) Spider Nest
Where to? (Enter - Lair:1 @ (x,y), ? - help)
You swap places.
There is a hole to the Spider Nest here.
There is a stone staircase leading down here.
You climb downwards.
The cane toad croaks.
The dream sheep bleats! x2; You hear a bleat! x2
Found a scroll of butterflies.
There is a stone staircase leading up here.
There are monsters nearby!
Casting: Inner Flame (dangerous; 4% risk of failure)
Confirm with . or Enter, or press ? or * to list all spells.
Aiming: Inner Flame (dangerous; 4% risk of failure)
Press: ? - help, Dir - move target, f - dream sheep
Aim: a dream sheep (ally target, chance to affect: 91%)
The dream sheep is filled with an inner flame.
The dream sheep shake their wool and sparkle.
You feel drowsy...
You fall asleep.
Chives barely misses the dream sheep.
A dream sheep comes into view.
Chives blocks the dream sheep's attack.
Chives hits the dream sheep with a +0 flail!
Flame seeps out of the dream sheep.
The dream sheep is engulfed in blazing flames.
The dream sheep explodes!
The fiery explosion engulfs the dream sheep!!
You kill the dream sheep!
Chives avoids your attack. The cane toad stings you!!!
Ouch! That really hurt!
You die...

#.?.......#
#......Y..
.......Y..
...~..§§§##
..~~≈~§○§.
.~≈≈≈~§R§##
.~≈≈≈≈~...##
.~≈≈≈≈.@...#
.~≈≈≈~.F..##
.~~≈≈~~~.##
..≈≈≈≈~≈~~
..~≈≈≈≈≈...
#~..~~......
###..........
#...........


You could see the friendly Chives the knight, a cane toad and 2 dream sheep.

Vanquished Creatures
  3 death yaks (Lair:2)
  Pikel (D:8)
  2 black mambas (Lair:1)
  A cane toad (Lair:2)
  A komodo dragon (Lair:2)
  Prince Ribbit (D:9)
  A hornet (D:9)
  5 dream sheep
  6 blink frogs (Lair:1)
  8 yaks
  A basilisk (Lair:1)
  A steam dragon (Lair:1)
  4 vampire mosquitoes (D:9)
  An acid dragon (D:9)
  4 water moccasins
  A black bear (D:7)
  An orc warrior (D:9)
  2 ogres
  2 centaurs (D:9)
  3 lemures (D:8)
  2 phantoms (D:5)
  A gnoll sergeant (D:8)
  A kobold brigand (D:8)
  8 bullfrogs
  2 necrophages
  4 scorpions
  5 wights (D:8)
  3 killer bees (D:9)
  3 howler monkeys
  3 gnoll boudas
  3 hounds
  2 orc priests (D:7)
  3 jellies
  4 iguanas
  Jessica (D:3)
  6 orc wizards
  3 hell rats (Lair:2)
  12 gnolls
  7 river rats (Lair:2)
  7 adders
  A shadow imp (D:7)
  3 white imps
  An ufetubus (D:4)
  4 worms
  A dart slug (D:2)
  31 orcs
  2 bats
  6 endoplasms
  3 giant cockroaches
  3 goblins
  5 hobgoblins
  4 jackals (D:1)
  7 quokkas
  5 ball pythons
  A frilled lizard (D:1)
  11 kobolds
  17 rats
234 creatures vanquished.

Vanquished Creatures (collateral kills)
  3 death yaks
  A cane toad (Lair:2)
  2 blink frogs (Lair:1)
  A jumping spider (Lair:2)
  A wyvern (Lair:1)
  A yak (D:9)
  An orc warrior (D:9)
  A bullfrog (Lair:1)
  A killer bee (D:9)
  A hell rat (Lair:2)
  A white imp (D:8)
  3 quokkas (Lair:2)
  3 kobolds (D:8)
  2 rats (Lair:2)
22 creatures vanquished.

Vanquished Creatures (others)
  2 knights (Lair:2)
  3 ancestors
  A bush (Lair:2)
  A butterfly (D:4)
  8 fungi
  13 plants
28 creatures vanquished.

Grand Total: 284 creatures vanquished

Notes
Turn   | Place    | Note
-------+----------+-------------------------------------------
     0 | D:1      | iguanaiguana the Deep Elf Hexslinger began the quest for
                  | the Orb.
     0 | D:1      | Reached XP level 1. HP: 11/11 MP: 5/5
   160 | D:1      | Reached skill level 1 in Stealth
   446 | D:1      | Reached skill level 1 in Fighting
   508 | D:1      | Reached XP level 2. HP: 16/16 MP: 4/6
   666 | D:1      | Reached skill level 1 in Short Blades
   751 | D:1      | Found Kuedoz's Antique Weapon Shop.
  1326 | D:2      | Reached XP level 3. HP: 11/20 MP: 4/7
  1457 | D:2      | Reached skill level 3 in Ranged Weapons
  2082 | D:3      | Reached skill level 4 in Ranged Weapons
  2230 | D:3      | Found an ornate altar of the Wu Jian Council.
  2297 | D:3      | Found a hide-covered altar of Uskayaw.
  2327 | D:3      | Found a bloodstained altar of Trog.
  2327 | D:3      | Noticed Jessica
  2333 | D:3      | Killed Jessica
  2334 | D:3      | Reached XP level 4. HP: 17/25 MP: 3/8
  2471 | D:3      | Found a sparkling altar of Nemelex Xobeh.
  2851 | D:3      | Reached skill level 5 in Ranged Weapons
  2923 | D:3      | Learned a level 3 spell: Inner Flame
  3240 | D:4      | Found a shadowy altar of Dithmenos.
  3247 | D:4      | Reached skill level 1 in Fire Magic
  3303 | D:4      | Noticed a necrophage
  3383 | D:4      | Killed a necrophage
  3384 | D:4      | Reached XP level 5. HP: 29/29 MP: 2/9
  3444 | D:4      | Found a white marble altar of Elyvilon.
  3657 | D:4      | Reached skill level 5 in Hexes
  3683 | D:4      | Found Aheob's Assorted Antiques.
  3702 | D:4      | Bought a scroll labelled APPAYNO LIVIWE for 24 gold pieces
  3702 | D:4      | Bought a scroll labelled APPAYNO LIVIWE for 24 gold pieces
  3702 | D:4      | Bought a scroll labelled APPAYNO LIVIWE for 24 gold pieces
  3702 | D:4      | Bought a black potion for 21 gold pieces
  3702 | D:4      | Bought a silvery potion for 21 gold pieces
  3858 | D:4      | Reached XP level 6. HP: 34/34 MP: 10/10
  3916 | D:4      | Learned a level 4 spell: Cause Fear
  3992 | D:4      | You fall into a shaft and drop 3 floors!
  4327 | D:5      | Entered Level 5 of the Dungeon
  4620 | D:5      | Reached XP level 7. HP: 38/38 MP: 6/11
  4890 | D:5      | Found Zezail's Lightly-Used Armoury.
  4983 | D:5      | Bought a -1 hand crossbow for 1 gold piece
  5012 | D:5      | Bought a -2 quick blade for 60 gold pieces
  5160 | D:5      | Found an iron altar of Okawaru.
  5430 | D:5      | Found an ancient bone altar of Kikubaaqudgha.
  5991 | D:4      | Reached XP level 8. HP: 43/43 MP: 7/12
  6079 | D:4      | Found a stormy altar of Qazlal.
  6299 | D:6      | Found a staircase to the Ecumenical Temple.
  6349 | Temple   | Entered the Ecumenical Temple
  6354 | Temple   | Became a worshipper of Hepliaklqana the Forgotten
  6552 | D:6      | Reached skill level 5 in Short Blades
  6749 | D:6      | Noticed Dowan
  7290 | D:7      | Reached skill level 6 in Ranged Weapons
  7384 | D:7      | Reached skill level 7 in Ranged Weapons
  7495 | D:7      | Found a shimmering altar of Xom.
  7657 | D:7      | Reached * piety under Hepliaklqana
  7738 | D:8      | Reached skill level 8 in Ranged Weapons
  7894 | D:8      | Got the Spellbook of Flaming Calling
  7934 | D:8      | Found a burning altar of Makhleb.
  8011 | D:8      | Reached skill level 9 in Ranged Weapons
  8040 | D:8      | Noticed a dream sheep
  8196 | D:8      | Got Sif Muna's Anthology of the Fey Pyromaniac
  8227 | D:8      | Reached XP level 9. HP: 42/42 MP: 13/13
  8353 | D:8      | Reached skill level 11 in Ranged Weapons
  8416 | D:8      | Reached skill level 12 in Ranged Weapons
  8557 | D:8      | Noticed Pikel
  8562 | D:8      | Killed Pikel
  8563 | D:8      | Reached skill level 13 in Ranged Weapons
  8717 | D:8      | Found a runed translucent door.
  8717 | D:8      | Noticed Lobster4's ghost (novice HuHu)
  9012 | D:9      | Reached skill level 14 in Ranged Weapons
  9012 | D:9      | Reached XP level 10. HP: 46/46 MP: 10/14
  9129 | D:9      | Noticed Prince Ribbit
  9134 | D:9      | Killed Prince Ribbit
  9139 | D:9      | Reached skill level 15 in Ranged Weapons
  9275 | D:9      | Found a staircase to the Lair.
  9399 | D:9      | Reached skill level 16 in Ranged Weapons
  9516 | D:9      | Noticed Gastronok
  9681 | Lair:1   | Entered Level 1 of the Lair of Beasts
  9712 | Lair:1   | Noticed a catoblepas
  9755 | Lair:1   | Reached skill level 17 in Ranged Weapons
  9863 | Lair:1   | Reached ** piety under Hepliaklqana
  9864 | Lair:1   | Remembered your ancestor Chives as a knight
  9874 | Lair:1   | Noticed a black mamba
  9879 | Lair:1   | Killed a black mamba
  9880 | Lair:1   | Reached skill level 18 in Ranged Weapons
 10004 | Lair:1   | Noticed an oklob plant
 10065 | Lair:1   | Reached XP level 11. HP: 18/51 MP: 11/15
 10508 | Lair:1   | Learned a level 3 spell: Portal Projectile
 10773 | Lair:2   | Noticed a death yak
 10773 | Lair:2   | Noticed a death yak
 10776 | Lair:2   | Noticed a death yak
 10776 | Lair:2   | Noticed a death yak
 10779 | Lair:2   | Noticed a death yak
 10781 | Lair:2   | Noticed a death yak
 10792 | Lair:2   | Killed a death yak
 10975 | Lair:2   | Found a hole to the Spider Nest.
 11177 | Lair:2   | Reached *** piety under Hepliaklqana
 11187 | Lair:2   | Reached skill level 5 in Dodging
 11199 | Lair:2   | Killed a death yak
 11239 | Lair:2   | Killed a death yak
 11442 | Lair:1   | Killed a death yak
 11734 | Lair:2   | Killed a death yak
 11735 | Lair:2   | Reached skill level 5 in Fighting
 11794 | Lair:2   | Killed a death yak
 12311 | Lair:3   | Slain by a cane toad

Illustrated notes

Levels and vault maps discovered:
D:1:      eino_arrival_cavern_e, layout_basic, serial_shops, shop,
          minmay_unequal
D:2:      layout_rooms
D:3:      layout_basic, mainiacjoe_overflow_catwalk,
          mainiacjoe_overflow_chevrons, mainiacjoe_overflow_cross_hatched,
          nemelex_spade_bored_becter, kennysheep_donut, uniq_jessica
D:4:      layout_basic, nicolae_elyvilon_peaceful_grove, grunt_dithmenos_smoke,
          nicolae_qazlal_eye_of_the_storm, serial_shops, shop
D:5:      layout_basic, lemuel_tele_altar, mainiacjoe_overflow_six_doors_small,
          minivault_26, minmay_shop_damaged
D:6:      layout_rooms, minmay_temple_entry_statues_pillars, uniq_duvessa
D:7:      layout_basic, mainiacjoe_overflow_brackets
D:8:      layout_basic, mainiacjoe_overflow_concentric_impassable,
          gammafunk_ghost_grave, dreamdust_gnoll_shepherd, uniq_pikel
D:9:      layout_gridville, dpeg_oklobed_lair,
          minmay_fractal_squares_diagonal_5, uniq_prince_ribbit1, uniq_gastronok
Temple:   minmay_freezing_vapour_temple
Lair:1:   layout_concentric_octagons, minmay_lair_oklob_bushes
Lair:2:   lemuel_ratsnest, layout_loops_ring, spider_nest_entry_a
Lair:3:   layout_cave_pods, minmay_shoals_entry_lonely_mermaid,
          beast_lair_carwin_3, grunt_megastairs_5, serial_bayou_shore_b,
          infiniplex_staircase_pool

Skill      XL: |  1  2  3  4  5  6  7  8  9 10 11 |
---------------+----------------------------------+-----
Stealth        | 2 3 |  3.7
Fighting       | 1 2 6 |  6.0
Short Blades   | 2 4 5 |  5.4
Ranged Weapons | 4 5 9 14 18 | 18.0
Fire Magic     | 2 3 4 |  4.0
Hexes          | 5 7 8 |  8.0
Dodging        | 8 |  8.2
Spellcasting   | |  1.5

Action                   |  1- 3 |  4- 6 |  7- 9 | 10-12 || total
-------------------------+-------+-------+-------+-------++-------
Melee: Short sword       |    31 |       |       |       ||    31
       Dagger            |    16 |    31 |    13 |       ||    60
       Quick blade       |       |       |    33 |       ||    33
 Fire: Sling             |   134 |    90 |    39 |       ||   263
       Hand crossbow     |       |       |   167 |   167 ||   334
Throw: Dart              |       |       |       |     3 ||     3
 Cast: Slow              |    51 |    52 |    30 |    27 ||   160
       Inner Flame       |       |    10 |    37 |    38 ||    85
       Cause Fear        |       |       |     1 |     3 ||     4
Invok: Ancestor Identity |       |       |     2 |     1 ||     3
       Recall Ancestor   |       |       |     1 |     2 ||     3
       Ancestor Life: Kn |       |       |       |     1 ||     1
Evoke: Wand              |       |       |     2 |    10 ||    12
  Use: Scroll            |     4 |     3 |    18 |       ||    25
       Potion            |       |       |       |     2 ||     2
 Stab: Sleeping          |     1 |     2 |     1 |       ||     4
Armor: Robe              |    16 |     4 |    15 |    11 ||    46
Dodge: Dodged            |    37 |    41 |    31 |    37 ||   146

Table legend: (Time is in decaauts)
 A = Elapsed time spent in this place.
 B = Non-inter-level travel time spent in this place.
 C = Inter-level travel time spent in this place.
 D = Time resting spent in this place.
 E = Time spent auto-exploring this place.
 F = Levels seen in this place.
 G = Mean time per level.
                   A        B        C        D        E       F      G
               +--------+--------+--------+--------+--------+-----+--------+
         Total |  12412 |  11840 |    572 |   1303 |   7473 |  13 |  954.8 |
       Dungeon |   9662 |   9187 |    475 |    802 |   5787 |   9 | 1073.6 |
        Temple |    114 |    114 |      0 |    104 |      0 |   1 |  114.0 |
          Lair |   2635 |   2539 |     96 |    397 |   1685 |   3 |  878.3 |
               +--------+--------+--------+--------+--------+-----+--------+

Top non-repeatable levels by time:
     D:5: 1454 daAuts
  Lair:1: 1415 daAuts
     D:8: 1284 daAuts
     D:1: 1261 daAuts
     D:4: 1241 daAuts
  Lair:2: 1217 daAuts
     D:7: 1063 daAuts
     D:3: 1054 daAuts
     D:2: 828 daAuts
     D:6: 757 daAuts
     D:9: 716 daAuts
  Temple: 114 daAuts
  Lair:3: 2 daAuts
